 Dungeon Crawl Stone Soup version 0.29.1-12-g30fa7ad0bf (webtiles) character file.

Game seed: 821571709339129193

56070 ThatPearl the Fighter (level 14, -9/92 HPs)
             Began as a Demonspawn Monk on Jan 3, 2023.
             Was a High Priest of Makhleb.
             Killed by divine providence
             ... invoked by a balrug
             ... summoned by the player character
              (12 damage)
             ... on level 3 of the Abyss.
             The game lasted 01:43:17 (18836 turns).

ThatPearl the Fighter (Demonspawn Monk)            Turns: 18836, Time: 01:43:17

Health: -9/92      AC: 32    Str: 11    XL:     14   Next: 40%
Magic:  27/27      EV: 18    Int: 13    God:    Makhleb [*****.]
Gold:   912        SH:  0    Dex: 16    Spells: 9/21 levels left

rFire   + . .      SeeInvis .   N - +4 war axe (freeze)
rCold   . . .      Faith    .   (no shield)
rNeg    + + .      Spirit   .   h - +3 swamp dragon scales
rPois   +          Reflect  .   F - +0 helmet
rElec   .          Harm     .   w - +2 cloak {rCorr}
rCorr   +          Rampage  +   (gloves unavailable)
Will    ++...      Rage     9%  r - +0 pair of boots of Sif Muna's Castigation {Rampage rN++}
Stlth   +.........              b - amulet of magic regeneration
HPRegen 0.00/turn               W - +4 ring of protection
MPRegen 0.60/turn               Q - ring "Bosanuc" {Drain rF+ Will+ rCorr MP+9}

@: agile, sanguine armoured, sick
A: powered by death 3, powered by pain 3, sanguine armour 2, bedeviling, demonic
touch 3, [berserk 2], [dopey 2], [frail 2], [low MP 2]
a: Renounce Religion, Minor Destruction, Lesser Servant of Makhleb, Major
Destruction, Greater Servant of Makhleb


You were on level 3 of the Abyss.
You worshipped Makhleb.
Makhleb was extremely pleased with you.
You visited 2 branches of the dungeon, and saw 16 of its levels.
You visited the Abyss 1 time.
You also visited: Volcano.

You collected 1172 gold pieces.
You spent 260 gold pieces at shops.

Inventory:

Hand Weapons
 a - a +3 vampiric halberd
 s - the +9 short sword "ThatPearl's Regret" {vorpal, rPois SInv}
   (You found it on level 3 of the Dungeon)

   It inflicts extra damage upon your enemies.
   rPois:     It protects you from poison.
   SInv:      It lets you see invisible.
 t - a +2 battleaxe of flaming
 M - a +1 shortbow of flaming
 N - a +4 war axe of freezing (weapon)
Missiles
 d - 8 datura-tipped darts
 k - 2 throwing nets
 H - 3 curare-tipped darts
 P - 24 poisoned darts
 S - 8 silver javelins
Armour
 h - +3 swamp dragon scales (worn)
 q - the +2 cloak of the Thief {*Fog Slay-2 SInv Stlth+}
   (You found it in a volcano)

   It may release a thick cloud of smoke when the wearer is hurt.
   Slay:      It affects your accuracy & damage with ranged weapons and melee
   (-2).
   SInv:      It lets you see invisible.
   Stlth:     It makes you more stealthy.
 r - the +0 pair of boots of Sif Muna's Castigation (worn) {Rampage rN++}
   (You found it on level 9 of the Dungeon)

   rN:        It greatly protects you from negative energy.
   Rampage:   It bestows one free step when moving towards enemies.
 w - a +2 cloak of preservation (worn)
 x - a +4 scale mail of cold resistance
 F - a +0 helmet (worn)
Magical Staves
 e - a staff of air
 C - a staff of conjuration
 Z - a staff of cold
Jewellery
 b - an amulet of magic regeneration (around neck)
 y - a ring of positive energy
 D - a ring of poison resistance
 Q - the ring "Bosanuc" (right hand) {Drain rF+ Will+ rCorr MP+9}
   (You found it on level 6 of the Dungeon)

   [ring of magical power]

   rF:        It protects you from fire.
   MP:        It affects your magic capacity (+9).
   rCorr:     It protects you from acid and corrosion.
   Drain:     It drains your maximum health when unequipped.
   Will:      It increases your willpower.
 T - a ring of fire
 W - a +4 ring of protection (left hand)
Wands
 u - a wand of flame (20)
 G - a wand of iceblast (11) (quivered)
 L - a wand of polymorph (20)
 X - a wand of charming (21)
Scrolls
 f - 2 scrolls of blinking
 g - 2 scrolls of identify
 j - a scroll of silence {unknown}
 p - a scroll of butterflies
 v - 4 scrolls of poison
 A - 3 scrolls of vulnerability
 O - a scroll of fear
 R - 2 scrolls of enchant weapon
Potions
 i - 6 potions of flight
 l - 3 potions of cancellation {unknown}
 m - a potion of might
 n - 3 potions of brilliance
 B - 4 potions of mutation
 E - 3 potions of lignification
 I - a potion of magic
 U - 6 potions of curing
 Y - 3 potions of attraction
Miscellaneous
 c - a phantom mirror
 o - a tin of tremorstones (2/2)


   Skills:
 + Level 12.7 Fighting
 + Level 11.7 Axes
 + Level 10.9 Armour
 - Level 7.1 Dodging
 - Level 1.7 Stealth
 + Level 4.3 Spellcasting
 + Level 2.7 Hexes
 - Level 7.1 Translocations
 + Level 12.0 Invocations


You had 9 spell levels left.
You knew the following spells:

 Your Spells              Type           Power      Damage    Failure   Level
a - Manifold Assault      Tloc           21%        N/A       50%         5
b - Blink                 Tloc           42%        N/A       3%          2
c - Ensorcelled Hibernat  Hex/Ice        18%        N/A       34%         2
d - Tukima's Dance        Hex            14%        N/A       36%         3

Your spell library contained the following spells:

 Spells                   Type           Power      Damage    Failure   Level
 Lesser Beckoning         Tloc           21%        N/A       6%          3
 Portal Projectile        Hex/Tloc       46%        N/A       16%         3
 Magic Dart               Conj           8%         1d3       38%         1
 Sandblast                Erth           4%         2d4       38%         1
 Passwall                 Tmut/Erth      1%         N/A       52%         2
 Searing Ray              Conj           4%         2d4       52%         2
 Static Discharge         Conj/Air       2%         3-4/arc   52%         2
 Stone Arrow              Conj/Erth      4%         3d7       77%         3
 Swiftness                Air            2%         N/A       77%         3
 Fulminant Prism          Conj/Hex       4%         3d6       92%         4
 Animate Armour           Summ/Erth      4%         N/A       99%         4
 Corpse Rot               Necr/Pois/Air  2%         N/A       99%         4
 Dispel Undead            Necr           2%         3d7       99%         4
 Blade Hands              Tmut           1%         N/A       100%        5
 Lightning Bolt           Conj/Air       1%         1d12      100%        5
 Death Channel            Necr           1%         N/A       100%        6
 Iron Shot                Conj/Erth      1%         9d1       100%        6
 Maxwell's Capacitive Co  Air            1%         ∞         100%        8


Dungeon Overview and Level Annotations

Branches:
Dungeon (11/15)            Temple (0/1) D:6            Lair (5/5) D:8
  Swamp (0/4) Lair:2       Spider (0/4) Lair:3        Slime (0/5) Lair:4
    Orc (0/2) D:10        Volcano (visited)

Altars:
Cheibriados
Makhleb
Nemelex Xobeh
Okawaru
Ru
Sif Muna
Trog
Uskayaw
Vehumet
Xom
Yredelemnul
Lugonu

Shops:
D:5 *=   D:7 :

Portals:
Abyss: Lair:5

Annotations:
D:11 Sonja
Lair:5 exclusion: oklob plant


Innate Abilities, Weirdness & Mutations

You regenerate a lot of health from kills.
You are powered by pain.
When seriously injured, your blood forms thick armour. (AC +9)
Your hexes are more powerful.
Your touch may irresistibly damage your foes and sap their willpower.
[You have an uncontrollable temper.]
[You are very dopey. (Int -4)]
[You are very frail. (-20% HP)]
[Your magical capacity is very low. (-20% MP)]


Message History

You hit the wretched star.
You punch the wretched star, but do no damage.
The wretched star is heavily damaged.
The wretched star pulses with an eldritch light!
You feel less energetic. x2
You slash the wretched star! You freeze the wretched star.
Your touch misses the wretched star.
The wretched star is severely damaged.
A lich comes into view.
The lich shouts!
You hit the wretched star. Your touch misses the wretched star.
The wretched star is severely damaged.
The wretched star pulses with an eldritch light!
You feel a little pissed off.
You feel extremely angry at everything!
You hit the wretched star but do no damage.
The wretched star is severely damaged.
The wretched star glows turbulently.
The lance of force hits you.
You are knocked back by the lance of force.
You slam into the rock wall!
* * * LOW HITPOINT WARNING * * *
You closely miss the lich.
The lich touches you but does no damage.
The wretched star pulses with an eldritch light!
You feel frail. x2
A demon appears!
It doesn't seem very happy.
The lich touches you but does no damage.
The lich conjures an orb of pure magic.
The wavering orb of destruction weakly hits you!
* * * LOW HITPOINT WARNING * * *
You focus on the pain.
You feel agile all of a sudden. The balrug misses you.
The lich touches you but does no damage.
The balrug attacks as you move away! The balrug hits you but does no damage.
You partially resist. The balrug gestures at you. Makhleb smites you!
You die...

......... ..
#... .# . #...#
.# .. ###.##
##.# .
#....###..#
..#......#..#
...........2..#
...#.....*L..#
....#.#...###@.#
.. ###.## ##.# .
# .. . .# . ....
.. .. ..... .##
###.### # ## ..
### .## #


You could see a lich, a balrug (summoned) and a wretched star.

Vanquished Creatures
  A balrug (Abyss:2)
  A boulder beetle (Lair:4)
  Fannar (Lair:1)
  3 hydras
  A two-headed ogre (D:11)
  6 death yaks
  A catoblepas (Lair:4)
  3 thrashing horrors (Lair:5)
  2 sun demons (Volcano)
  4 skeletal warriors (D:11)
  An oklob plant (Lair:2)
  An ugly thing (Lair:5)
  4 black mambas
  5 large abominations
  13 elephants
  7 smoke demons
  Psyche (D:10)
  Maggie (Lair:2)
  6 cane toads
  A yaktaur (shapeshifter) (D:10)
  A kobold demonologist (D:11)
  5 komodo dragons
  5 ancient zymes
  2 trolls (D:9)
  7 polar bears
  Grinder (D:3)
  22 blink frogs
  6 dream sheep (Lair:5)
  15 small abominations
  A shadow (D:11)
  A vampire (D:10)
  An ettin skeleton (Abyss:2)
  5 wyverns
  2 wraiths
  2 ynoxinuls
  3 redbacks (Lair:3)
  5 basilisks (Lair:5)
  29 yaks
  3 chaos spawn
  8 steam dragons
  Menkaure (D:7)
  3 vampire mosquitoes (D:11)
  An acid dragon (D:9)
  3 hell hounds (Volcano)
  17 water moccasins
  6 orc warriors
  2 ice beasts
  5 black bears
  2 ogres (D:6)
  6 centaurs
  4 phantoms
  3 kobold brigands
  A necrophage (D:4)
  4 gnoll sergeants
  2 scorpions
  9 bullfrogs
  4 wights (D:7)
  The ghost of Gadrel the Sneak, a weakling MiDe (D:3)
  4 killer bees (D:8)
  3 howler monkeys
  3 quasits
  4 hounds
  8 orc priests
  Crazy Yiuf (D:3)
  A gnoll bouda (D:7)
  An iron imp (Abyss:2)
  10 iguanas
  Terence (D:2)
  7 orc wizards
  6 hell rats
  20 gnolls
  9 adders
  2 river rats (D:8)
  2 shadow imps
  3 white imps (D:7)
  An ufetubus (D:7)
  A dart slug (D:5)
  A worm (D:4)
  46 orcs
  2 bats (D:2)
  8 endoplasms
  2 giant cockroaches
  20 goblins
  12 hobgoblins
  4 jackals (D:3)
  18 kobolds
  8 quokkas
  10 ball pythons
  3 frilled lizards
  5 rats
  2 butterflies (Lair:5)
489 creatures vanquished.

Vanquished Creatures (collateral kills)
  An angel (Abyss:2)
  A hydra (Lair:2)
  A glowing orange brain (Abyss:2)
3 creatures vanquished.

Vanquished Creatures (others)
  2 ufetubi (D:7)
  2 orcs (D:7)
  4 demonic plants (D:7)
  19 fungi
  41 plants
68 creatures vanquished.

Grand Total: 560 creatures vanquished

Notes
Turn   | Place    | Note
-------+----------+-------------------------------------------
     0 | D:1      | ThatPearl the Demonspawn Monk began the quest for the Orb.
     0 | D:1      | Reached XP level 1. HP: 18/18 MP: 1/1
   206 | D:1      | Gained mutation: Your touch may inflict minor irresistible
                  | damage on your foes. [demonic ancestry]
   206 | D:1      | Reached XP level 2. HP: 24/24 MP: 2/2
   558 | D:1      | Found a faded altar of an unknown god.
   769 | D:2      | Gained mutation: You regenerate a little health from kills.
                  | [demonic ancestry]
   769 | D:2      | Reached XP level 3. HP: 29/29 MP: 3/3
   978 | D:2      | Learned a level 2 spell: Blink
  1107 | D:2      | Gained mutation: Your touch may inflict irresistible damage
                  | on your foes. [demonic ancestry]
  1107 | D:2      | Reached XP level 4. HP: 37/37 MP: 4/4
  1172 | D:2      | Noticed Terence
  1181 | D:2      | Killed Terence
  1560 | D:2      | Reached skill level 1 in Translocations
  1713 | D:3      | Noticed Grinder
  1714 | D:3      | Paralysed by Grinder for 3 turns
  1916 | D:3      | Found a runed translucent door.
  1917 | D:3      | Noticed Crazy Yiuf
  2113 | D:3      | Identified the +9 short sword "ThatPearl's Regret" {vorpal,
                  | rPois SInv}
  2195 | D:3      | Gained mutation: Your touch may irresistibly damage your
                  | foes and sap their willpower. [demonic ancestry]
  2195 | D:3      | Reached XP level 5. HP: 42/42 MP: 5/5
  2256 | D:3      | Found a runed translucent door.
  2259 | D:3      | Noticed Gadrel's ghost (weakling MiDe)
  2284 | D:3      | Killed Grinder
  2285 | D:3      | Gained mutation: You sometimes gain a little power by
                  | taking damage. [demonic ancestry]
  2285 | D:3      | Reached XP level 6. HP: 42/49 MP: 6/6
  2347 | D:3      | Found a burning altar of Makhleb.
  2356 | D:3      | Became a worshipper of Makhleb the Destroyer
  2356 | D:3      | Reached * piety under Makhleb
  2356 | D:3      | Reached ** piety under Makhleb
  2509 | D:3      | Paralysed by Crazy Yiuf for 5 turns
  2514 | D:3      | Killed Crazy Yiuf
  2795 | D:3      | Killed Gadrel's ghost
  2922 | D:4      | Gained mutation: When seriously injured, your blood forms
                  | armour. (AC +9) [demonic ancestry]
  2922 | D:4      | Reached XP level 7. HP: 55/55 MP: 7/7
  2970 | D:4      | Found a snail-covered altar of Cheibriados.
  3143 | D:4      | Reached skill level 1 in Armour
  3150 | D:4      | Reached skill level 5 in Fighting
  3582 | D:5      | Entered Level 5 of the Dungeon
  3595 | D:5      | Found Napeh's Jewellery Shop.
  3625 | D:5      | Bought a ring of poison resistance for 260 gold pieces
  3635 | D:5      | Reached skill level 5 in Axes
  3636 | D:5      | Found a shimmering altar of Xom.
  3722 | D:5      | Found Simnaik's Lightly-Used Armoury.
  3869 | D:5      | Gained mutation: You sometimes gain power by taking damage.
                  | [demonic ancestry]
  3869 | D:5      | Reached XP level 8. HP: 64/64 MP: 8/8
  4050 | D:5      | Reached *** piety under Makhleb
  4420 | D:6      | Gained mutation: When seriously injured, your blood forms
                  | thick armour. (AC +9) [demonic ancestry]
  4420 | D:6      | Reached XP level 9. HP: 63/71 MP: 9/9
  4472 | D:6      | Reached skill level 5 in Translocations
  4864 | D:6      | Found a staircase to the Ecumenical Temple.
  4919 | D:6      | Found a shimmering blue altar of Sif Muna.
  5085 | D:6      | Identified the ring "Bosanuc" {Drain rF+ Will+ rCorr MP+9}
  5156 | D:6      | Reached **** piety under Makhleb
  5411 | D:7      | Reached skill level 5 in Armour
  5419 | D:7      | Found Dacvirah's Book Boutique.
  5949 | D:7      | Noticed Menkaure
  5956 | D:7      | Killed Menkaure
  5960 | D:7      | Gained mutation: You regenerate health from kills. [demonic
                  | ancestry]
  5960 | D:7      | Reached XP level 10. HP: 43/80 MP: 11/11
  6305 | D:7      | Found a hide-covered altar of Uskayaw.
  6376 | D:8      | Found a staircase to the Lair.
  6386 | D:8      | Noticed a death yak
  6565 | D:8      | Reached skill level 1 in Spellcasting
  6577 | D:8      | Killed a death yak
  6609 | D:8      | Found a sacrificial altar of Ru.
  6609 | D:8      | Found a radiant altar of Vehumet.
  6660 | D:8      | Noticed a death yak
  6660 | D:8      | Noticed a death yak
  6661 | D:8      | Reached ***** piety under Makhleb
  7744 | D:8      | Killed a death yak
  8154 | D:8      | Killed a death yak
  8519 | D:9      | Found an iron altar of Okawaru.
  8702 | D:9      | Found a basalt altar of Yredelemnul.
  9052 | D:9      | Identified the +0 pair of boots of Sif Muna's Castigation
                  | {Rampage rN++}
  9109 | D:9      | Found a sparkling altar of Nemelex Xobeh.
  9479 | D:10     | Entered Level 10 of the Dungeon
  9488 | D:10     | Noticed Psyche
  9494 | D:9      | Reached skill level 1 in Invocations
  9633 | Lair:1   | Entered Level 1 of the Lair of Beasts
  9830 | Lair:1   | Gained mutation: You regenerate a lot of health from kills.
                  | [demonic ancestry]
  9830 | Lair:1   | Reached XP level 11. HP: 87/87 MP: 16/16
  9996 | Lair:1   | Noticed Fannar
 10007 | Lair:1   | Killed Fannar
 10298 | Lair:2   | Noticed an oklob plant
 10608 | Lair:2   | Found a staircase to the Swamp.
 10705 | Lair:2   | Noticed an eight-headed hydra
 10720 | Lair:2   | Killed an eight-headed hydra
 10721 | Lair:2   | Reached skill level 5 in Invocations
 10868 | Lair:2   | HP: 1/90 [blink frog (12)]
 10868 | Lair:2   | Noticed a six-headed hydra
 10909 | Lair:2   | Reached skill level 10 in Fighting
 11080 | Lair:2   | Killed an oklob plant
 11113 | Lair:2   | Killed a six-headed hydra
 11115 | Lair:2   | Noticed Maggie
 11122 | Lair:2   | Killed Maggie
 11248 | Lair:2   | Reached XP level 12. HP: 97/97 MP: 17/17
 11727 | Lair:3   | Found a hole to the Spider Nest.
 12817 | Lair:4   | Noticed a catoblepas
 12818 | Lair:4   | Noticed a four-headed hydra
 13148 | Lair:4   | Found a staircase to the Slime Pits.
 13151 | Lair:4   | Reached skill level 10 in Axes
 13153 | Lair:4   | Noticed a six-headed hydra
 13320 | Lair:4   | Killed a four-headed hydra
 13413 | Lair:4   | Noticed a boulder beetle
 13419 | Lair:4   | Killed a catoblepas
 13423 | Lair:4   | Reached ****** piety under Makhleb
 13432 | Lair:4   | Reached skill level 5 in Dodging
 13432 | Lair:4   | Killed a boulder beetle
 13473 | Lair:3   | Learned a level 5 spell: Manifold Assault
 13569 | Lair:4   | Gained mutation: You are powered by pain. [demonic
                  | ancestry]
 13569 | Lair:4   | Reached XP level 13. HP: 100/106 MP: 20/20
 13915 | Lair:5   | Entered Level 5 of the Lair of Beasts
 14019 | Lair:5   | Found a dark tunnel.
 14221 | Volcano  | Entered a volcano
 14249 | Volcano  | Reached skill level 10 in Invocations
 14366 | Volcano  | Noticed a fire dragon
 14366 | Volcano  | Found the +2 cloak of the Thief {*Fog Slay-2 SInv Stlth+}
 15010 | Lair:5   | Reached skill level 10 in Armour
 16244 | Lair:5   | Gained mutation: Your hexes are more powerful. [demonic
                  | ancestry]
 16244 | Lair:5   | Reached XP level 14. HP: 87/116 MP: 22/22
 16248 | Lair:5   | Found a corrupted altar of Lugonu.
 16248 | Lair:5   | Found a one-way gate to the infinite horrors of the Abyss.
 16797 | D:10     | Learned a level 2 spell: Ensorcelled Hibernation
 16930 | D:10     | Killed Psyche
 17054 | D:10     | Found a staircase to the Orcish Mines.
 17254 | D:10     | Found a bloodstained altar of Trog.
 17414 | D:11     | Reached skill level 1 in Hexes
 17485 | D:11     | Noticed Sonja
 17793 | D:11     | Learned a level 3 spell: Tukima's Dance
 18265 | Abyss:2  | Cast into level 2 of the Abyss (Sonja)
 18350 | Abyss:2  | Noticed a balrug
 18360 | Abyss:2  | Killed a balrug
 18416 | Abyss:2  | Noticed a hellephant
 18440 | Abyss:2  | Found a corrupted altar of Lugonu.
 18528 | Abyss:2  | Noticed an angel
 18530 | Abyss:2  | Noticed a daeva
 18550 | Abyss:2  | Killed an angel
 18738 | Abyss:2  | Noticed a daeva
 18829 | Abyss:3  | Noticed a lich
 18833 | Abyss:3  | Noticed a balrug
 18834 | Abyss:3  | HP: 3/92 [disintegration (15)]
 18836 | Abyss:3  | Killed from afar by a balrug

Illustrated notes

Levels and vault maps discovered:
D:1:      dpeg_arrival_shrine, layout_rooms, shapermc_ecumenical_altar_gd
D:2:      layout_basic, minmay_misc_feat_four_crosses, roderic_st_hans_cross,
          uniq_terence
D:3:      layout_rooms, lemuel_round_altar, mainiacjoe_overflow_tiny_flanked,
          ebering_ghost_inner_flame, kennysheep_cluttered_room,
          minmay_misc_feat_x, uniq_crazy_yiuf_cottage, uniq_grinder
D:4:      layout_loops_ring, mainiacjoe_overflow_24_doors, minmay_misc_feat_five
D:5:      layout_cave_pools, xom_teletrap_fun, serial_shops, shop_fountains,
          grunt_ministairs_11, minmay_misc_feat_pillars,
          hangedman_abyss_or_decor_lesser_grid, minmay_shop_damaged,
          minmay_misc_feat_encased
D:6:      layout_cave_pools, kennysheep_mini, minmay_temple_entry_grid,
          chequers_arboretum, minmay_ogre_servants
D:7:      layout_basic, lemuel_coloured_pillars_altar, serial_shops, shop,
          serial_demonic, serial_demonic_d, serial_demonic_e, serial_demonic_a,
          serial_demonic_g, uniq_menkaure
D:8:      layout_loops_cross, gammafunk_temple_overflow_elements,
          dpeg_lair_monsters
D:9:      layout_loops_corners, nemelex_diamond_rough_becter,
          lemuel_round_altar, gammafunk_temple_overflow_pools, dk_noncrumbling_3
D:10:     layout_cave_pools, trog_hazing_becter, david_orc_5,
          patterned_corridor, uniq_psyche
D:11:     layout_loops_cross, uniq_sonja
Lair:1:   layout_layer_cave, uniq_fannar
Lair:2:   layout_gridlike, minmay_swamp_entry_reptiles,
          gammafunk_lair_bear_cave, uniq_maggie
Lair:3:   layout_regular_city, spider_nest_entry_webs, grunt_megastairs_5
Lair:4:   layout_cave_shapes, slime_entry_1, minmay_holes
Lair:5:   hellmonk_lair_end_abyssal_woods, layout_gridlike,
          nicolae_volcano_entry_hallway, lemuel_fruit_fields
Abyss:3:  base:
D:11

Skill      XL: |  1  2  3  4  5  6  7  8  9 10 11 12 13 14 |
---------------+-------------------------------------------+-----
Axes           | 3 4 5 6 7 8 9 10 11 | 11.7
Dodging        | 3 4 5 6 7 |  7.1
Translocations | 1 2 3 4 6 7 |  7.1
Fighting       | 4 5 6 7 8 10 11 12 | 12.7
Armour         | 2 4 5 6 8 9 10 | 10.9
Spellcasting   | 3 4 |  4.3
Invocations    | 1 6 9 11 12 | 12.0
Hexes          | 2 |  2.7
Stealth        | |  1.7

Action                   |  1- 3 |  4- 6 |  7- 9 | 10-12 | 13-15 || total
-------------------------+-------+-------+-------+-------+-------++-------
Melee: Hand axe          |    28 |       |       |       |       ||    28
       War axe           |    40 |    33 |   119 |   491 |   570 ||  1253
       Touch             |     9 |    18 |    44 |   122 |   153 ||   346
       Short sword       |       |    43 |   141 |    20 |     8 ||   212
       Punch             |       |       |     5 |     4 |     8 ||    17
 Fire: Shortbow          |       |       |       |     3 |       ||     3
Throw: Dart              |       |       |       |     2 |       ||     2
Invok: Lesser Servant of |       |       |       |     2 |       ||     2
       Greater Servant o |       |       |       |       |     2 ||     2
Evoke: Wand              |       |       |       |     2 |     2 ||     4
  Use: Potion            |     1 |       |       |     6 |     8 ||    15
       Scroll            |       |     1 |       |    24 |     2 ||    27
 Stab: Sleeping          |       |     1 |       |       |       ||     1
       Invisible         |       |     1 |       |     4 |     2 ||     7
       Distracted        |       |       |       |     1 |       ||     1
       Petrified         |       |       |       |     3 |       ||     3
Armor: Robe              |     9 |       |       |       |       ||     9
       Ring mail         |    22 |    21 |       |       |       ||    43
       Scale mail        |       |     5 |   172 |   245 |       ||   422
       Swamp dragon scal |       |       |       |   261 |   365 ||   626
Dodge: Dodged            |    48 |    41 |   171 |   413 |   366 ||  1039
